 Dungeon Crawl Stone Soup version 0.19-a0-821-gf489216 (webtiles) character file.

229 Gruud the Ruffian (level 5, -3/41 HPs)
             Began as a Demonspawn Gladiator on June 29, 2016.
             Was a Follower of Uskayaw.
             Slain by a worm (7 damage)
             ... on level 4 of the Dungeon.
             The game lasted 00:09:25 (3458 turns).

Gruud the Ruffian (Demonspawn Gladiator)            Turns: 3458, Time: 00:09:26

Health: -3/41      AC:  9    Str: 15    XL:     5   Next: 71%
Magic:  5/5        EV: 13    Int: 11    God:    Uskayaw [*.....]
Gold:   153        SH:  0    Dex: 13    Spells: 0 memorised, 4 levels left

rFire  . . .     SeeInvis .     j - +0 dagger (protect)
rCold  . . .     Gourm    .     A - +0 robe
rNeg   . . .     Faith    .     (no shield)
rPois  .         Spirit   .     (helmet restricted)
rElec  .         Dismiss  .     l - +0 cloak
rCorr  .         Reflect  .     f - +0 pair of gloves
SustAt .         Harm     .     (no boots)
MR     .....                    (no amulet)
Stlth  +++.......               (no ring)
                                x - ring of stealth

@: not resistant to hostile enchantments, fairly stealthy
A: antennae 2, nightstalker 1
a: Stomp, Renounce Religion


You were on level 4 of the Dungeon.
You worshipped Uskayaw.
Uskayaw was aware of your devotion.
You were not hungry.

You visited 2 branches of the dungeon, and saw 5 of its levels.

You collected 153 gold pieces.

Inventory:

Hand Weapons
 j - a +0 dagger of protection (weapon)
Armour
 f - a +0 pair of gloves (worn)
 g - a +0 chain mail
 l - a +0 cloak (worn)
 A - a +0 robe (worn)
Jewellery
 x - a ring of stealth (left hand)
Scrolls
 h - 4 scrolls of amnesia
 i - a scroll of fog {unknown}
 k - a scroll of enchant armour {unknown}
 q - a scroll of random uselessness {unknown}
 r - 2 scrolls of magic mapping
 w - a scroll of identify
Potions
 a - a potion of berserk rage {unknown}
 o - 3 potions of magic
 p - 3 potions of curing
 s - a potion of flight
 t - 2 potions of cancellation
 v - a potion of cure mutation
Comestibles
 b - a chunk of flesh
 d - 4 bread rations
 m - 2 meat rations
 n - 2 beef jerkies
 u - a slice of pizza


   Skills:
 - Level 3.2 Fighting
 * Level 2.2 Short Blades
 - Level 1.7 Throwing
 - Level 2.6 Dodging
 + Level 0.6 Stealth
 - Level 4.6 Unarmed Combat
 + Level 0.6 Invocations


You had 4 spell levels left.
You didn't know any spells.

Dungeon Overview and Level Annotations

Branches:
Dungeon (4/15)             Temple (1/1) D:4

Altars:
Gozag
Hepliaklqana
Makhleb
Uskayaw
Yredelemnul
The Shining One


Innate Abilities, Weirdness & Mutations

You have a pair of antennae on your head.
You are slightly more attuned to the shadows.


Message History

The worm is moderately wounded.
You barely miss the worm.
The worm is moderately wounded.
The worm bites you but does no damage.
You hit the worm but do no damage.
The worm is moderately wounded.
You can no longer pass through a line of other dancers.
You hit the worm.
The worm is moderately wounded.
The worm bites you but does no damage.
You hit the worm.
The worm is moderately wounded.
The worm bites you.
* * * LOW HITPOINT WARNING * * *
You hit the worm but do no damage. You punch the worm.
The worm is moderately wounded.
You hit the worm. You punch the worm.
The worm is severely wounded.
The worm bites you!
You die...

.## #...#..#
.. .#
###....####...
.#
#........#..
.#
#...........
##
#$..........
#...........
#...........
#.....w.....
#....@...#..
#........#
#........#
#.......(#
##########


You could see a worm.

Vanquished Creatures
  A hound (D:4)
  Jessica (D:3)
  An orc wizard (D:3)
  A worker ant (D:4)
  4 adders
  An ooze (D:4)
  An adder skeleton (D:4)
  2 worms
  2 dart slugs
  A giant gecko (D:4)
  3 orcs (D:3)
  7 bats
  2 giant cockroaches
  8 goblins
  7 hobgoblins
  10 jackals
  10 kobolds
  3 giant newts
  5 rats
70 creatures vanquished.

Notes
Turn   | Place    | Note
--------------------------------------------------------------
     0 | D:1      | Gruud the Demonspawn Gladiator began the quest for the Orb.
     0 | D:1      | Reached XP level 1. HP: 16/16 MP: 1/1
   320 | D:1      | Reached skill level 3 in Unarmed Combat
   370 | D:1      | Gained mutation: You have a pair of small antennae on your head. [demonic ancestry]
   370 | D:1      | Reached XP level 2. HP: 15/22 MP: 2/2
  1138 | D:2      | Reached XP level 3. HP: 28/28 MP: 3/3
  1494 | D:2      | Found a hazy altar of Hepliaklqana.
  1928 | D:3      | Reached skill level 4 in Unarmed Combat
  1957 | D:3      | Found a glowing golden altar of the Shining One.
  1982 | D:3      | Gained mutation: You have a pair of antennae on your head. [demonic ancestry]
  1982 | D:3      | Reached XP level 4. HP: 28/34 MP: 4/4
  2397 | D:3      | Gained mutation: You are slightly more attuned to the shadows. [demonic ancestry]
  2397 | D:3      | Reached XP level 5. HP: 5/41 MP: 5/5
  2706 | D:3      | Noticed Jessica
  2730 | D:3      | Killed Jessica
  2730 | D:3      | Reached skill level 1 in Short Blades
  2970 | D:3      | Found an opulent altar of Gozag.
  3121 | D:4      | Found a staircase to the Ecumenical Temple.
  3165 | Temple   | Entered the Ecumenical Temple
  3187 | Temple   | Became a worshipper of Uskayaw the Reveler
  3314 | D:4      | Reached * piety under Uskayaw
  3446 | D:4      | Reached ** piety under Uskayaw
  3458 | D:4      | Slain by a worm

Vault maps used:
D:1:      ncdulo_watergridlock
D:2:      nicolae_overflow_hidden_temple, first_bread
D:3:      nicolae_gozag_cash_rules_everything_around_me, lemuel_crystal_altar,
          uniq_jessica
D:4:      uniq_sigmund
Temple:   nicolae_temple_figure_zero

Skill      XL: |  1  2  3  4  5 |
---------------+----------------+-----
Unarmed Combat | 3 4 |  4.6
Fighting       | 3 |  3.2
Short Blades   | 2 |  2.2
Throwing       | |  1.7
Dodging        | |  2.6
Stealth        | |  0.6
Invocations    | |  0.6

Action                   |  1- 3 |  4- 6 || total
-------------------------+-------+-------++-------
Melee: Unarmed           |   193 |    87 ||   280
       Punch             |     2 |     7 ||     9
       Dagger            |       |    89 ||    89
Throw: Throwing net      |     1 |     2 ||     3
  Use: Scroll            |     4 |     5 ||     9
       Potion            |       |     1 ||     1
 Stab: Sleeping          |     1 |     4 ||     5
       Held in net/web   |     1 |       ||     1
  Eat: Chunk             |     3 |     5 ||     8
Armor: Leather armour    |    68 |       ||    68
       Chain mail        |    10 |    51 ||    61
       Robe              |       |    30 ||    30
Dodge: Dodged            |   130 |    88 ||   218
